 Dungeon Crawl Stone Soup version 0.29.1-13-g9f3cf754e1 (webtiles) character file.

Game seed: 5068077590370824123

100 Thatpatchoflichen the Chopper (level 4, 0/38 HPs)
             Began as a Hill Orc Gladiator on Jan 29, 2023.
             Slain by a gnoll
             ... wielding a +0 spear
              (2 damage)
             ... on level 3 of the Dungeon.
             The game lasted 00:07:30 (2637 turns).

Thatpatchoflichen the Chopper (Hill Orc Gladiator)  Turns: 2637, Time: 00:07:31

Health: 0/38       AC:  4    Str: 18    XL:     4   Next: 73%
Magic:  4/4        EV: 12    Int: 14    God:
Gold:   94         SH:  0    Dex: 12    Spells: 3/3 levels left

rFire   . . .      SeeInvis .   a - +0 war axe
rCold   . . .      Faith    +   (no shield)
rNeg    . . .      Spirit   .   b - +0 leather armour
rPois   .          Reflect  .   c - +0 helmet
rElec   .          Harm     .   p - scarf {+Inv}
rCorr   .          Rampage  .   (no gloves)
Will    .....                   (no boots)
Stlth   +.........              g - amulet of faith
HPRegen 0.12/turn               o - +6 ring of intelligence
MPRegen 0.09/turn               (no ring)

@: mighty
A: no striking features
a: Evoke Invisibility


You were on level 3 of the Dungeon.
You visited 1 branch of the dungeon, and saw 4 of its levels.

You collected 94 gold pieces.

Inventory:

Hand Weapons
 a - a +0 war axe (weapon)
Missiles
 d - 3 throwing nets (quivered)
 e - a javelin
 k - 7 boomerangs
Armour
 b - a +0 leather armour (worn)
 c - a +0 helmet (worn)
 p - a scarf of invisibility (worn)
 t - a +0 chain mail
Jewellery
 g - an amulet of faith (around neck)
 o - a +6 ring of intelligence (left hand)
 w - an amulet of reflection
Scrolls
 h - 7 scrolls of identify {unknown}
 j - 2 scrolls of amnesia {unknown}
 m - a scroll of poison {unknown}
 q - a scroll of blinking {unknown}
 s - a scroll of fog {unknown}
 u - 2 scrolls of teleportation {unknown}
 x - a scroll of magic mapping {unknown}
Potions
 f - a potion of berserk rage {unknown}
 i - a potion of haste {unknown}
 l - a potion of invisibility {unknown}
 n - 2 potions of curing {unknown}
 r - 2 potions of might
 v - 3 potions of brilliance {unknown}


   Skills:
 + Level 3.4 Fighting
 + Level 4.9 Axes
 + Level 2.6 Throwing
 + Level 2.1 Armour
 - Level 2.4 Dodging


You had 3 spell levels left.
You didn't know any spells.
Your spell library contained the following spells:

 Spells                   Type           Power      Damage    Failure   Level
 Shock                    Conj/Air       0%         1d3       34%         1
 Slow                     Hex            0%         N/A       34%         1
 Confusing Touch          Hex            0%         N/A       71%         3
 Swiftness                Air            0%         N/A       71%         3
 Vampiric Draining        Necr           0%         2d6       71%         3
 Airstrike                Air            0%         2d(0-16)  98%         4


Dungeon Overview and Level Annotations

Branches:
Dungeon (4/15)
 Temple: D:4-7

Altars:
Ru

Annotations:
D:3 3 runed translucent doors, ChrisAssaf's ghost, amateur DjSu; SirLogeyBear's ghost, amateur HOBe; arandomgamer's ghost, weakling HOAK; cheesebisquit's ghost, amateur MiHu


Message History

You slash the gnoll!
The gnoll is almost dead.
You feel very sick.
A gnoll comes into view. It is wielding a +0 flail.
The gnoll shouts!
You slash the gnoll!
You kill the gnoll!
You feel sick. The gnoll barely misses you.
You feel sick. The gnoll closely misses you.
The gnoll hits you with a +0 halberd of venom!
Things that are here:
a +0 club; a gnoll corpse You hit the gnoll.
You kill the gnoll!
You feel sick.
The gnoll hits you from afar with a +0 spear!
Your Armour skill increases to level 2!
You barely miss the gnoll.
You feel sick. The gnoll completely misses you. The gnoll barely misses you.
The gnoll closely misses you.
The gnoll hits you from afar with a +0 spear.
* * * LOW HITPOINT WARNING * * *
You closely miss the gnoll.
You feel sick. The gnoll completely misses you. The gnoll barely misses you.
You slash the gnoll!
The gnoll is severely wounded.
You feel sick.
You are no longer poisoned.
The gnoll closely misses you. The gnoll completely misses you.
You slash the gnoll!
You kill the gnoll!
The gnoll hits you from afar with a +0 spear.
* * * LOW HITPOINT WARNING * * *
You open the door. The gnoll hits you but does no damage.
There is an open door here.
It was a potion of might.
You feel very mighty all of a sudden.
The gnoll hits you from afar with a +0 spear.
* * * LOW HITPOINT WARNING * * *
The gnoll hits you with a +0 spear.
You die...

#..#####.# #....).
#######........###
#.###..
.................. ..
....
#######....####### .
##### #.##'######
########.........#
#................#
#..........g.....#
#..........@.....#
#................#
########.........#
#.........####
#.........+..#
#.........##.# ##$$
#.........##.# ##8..
#.........##.# #$...
#.##########.####)...


You could see a gnoll.

Vanquished Creatures
  4 gnolls
  A worm (D:2)
  A dart slug (D:1)
  An orc (D:3)
  6 bats
  5 endoplasms
  2 giant cockroaches
  4 goblins
  5 hobgoblins
  4 jackals (D:2)
  A kobold (D:1)
  4 quokkas
  4 ball pythons
  A frilled lizard (D:1)
  7 rats
50 creatures vanquished.

Notes
Turn   | Place    | Note
-------+----------+-------------------------------------------
     0 | D:1      | Thatpatchoflichen the Hill Orc Gladiator began the quest
                  | for the Orb.
     0 | D:1      | Reached XP level 1. HP: 18/18 MP: 1/1
   159 | D:1      | Reached XP level 2. HP: 25/25 MP: 2/2
   220 | D:1      | Reached skill level 1 in Armour
   677 | D:1      | Reached XP level 3. HP: 29/30 MP: 3/3
  1246 | D:1      | Found a faded altar of an unknown god.
  1719 | D:2      | Found a sacrificial altar of Ru.
  1950 | D:2      | Reached XP level 4. HP: 38/38 MP: 4/4
  2475 | D:3      | Found a runed translucent gate.
  2475 | D:3      | Found a runed translucent gate.
  2478 | D:3      | Found a runed translucent gate.
  2479 | D:3      | Noticed cheesebisquit's ghost (amateur MiHu)
  2480 | D:3      | Noticed arandomgamer's ghost (weakling HOAK)
  2480 | D:3      | Noticed cheesebisquit's ghost (amateur MiHu)
  2480 | D:3      | Noticed ChrisAssaf's ghost (amateur DjSu)
  2480 | D:3      | Noticed SirLogeyBear's ghost (amateur HOBe)
  2637 | D:3      | Slain by a gnoll

Illustrated notes

Levels and vault maps discovered:
D:1:      dpeg_arrival_arbitrary_b, layout_basic,
          hellmonk_ecumenical_altar_dog_temple, serial_aquarium,
          aquarium_bridge_square [aquarium_subvault_bridge,
          aquarium_subvault_bridge, aquarium_subvault_window,
          aquarium_subvault_bridge], aquarium_window_double,
          aquarium_window_fake, aquarium_view_2e, aquarium_pool_corner,
          minmay_tromino_mix6
D:2:      layout_basic, basic_altar, minivault_14
D:3:      layout_basic, gammafunk_ghost_cemetery, kennysheep_generic_room_10,
          uniq_sigmund
D:4:      layout_loops_ring, serial_shops, nicolae_shop_stone, st_stairs_1,
          kennysheep_generic_room_8

Skill      XL: |  1  2  3  4 |
---------------+-------------+-----
Throwing       | 2 |  2.6
Armour         | 1 2 |  2.1
Fighting       | 3 |  3.4
Axes           | |  4.9
Dodging        | |  2.4

Action                   |  1- 3 |  4- 6 || total
-------------------------+-------+-------++-------
Melee: War axe           |    89 |    39 ||   128
Throw: Throwing net      |     1 |       ||     1
  Use: Potion            |       |     1 ||     1
Armor: Leather armour    |    47 |    23 ||    70
Dodge: Dodged            |    89 |    51 ||   140
